 Dungeon Crawl Stone Soup version 0.31-a0-963-ga325b2283a (webtiles) character file.

Game seed: 17455285906163727100

4090 Gargoyl the Protected (level 10, -6/60 HPs)
             Began as a Gargoyle Berserker on Oct 25, 2023.
             Was a Believer of Trog.
             Mangled by an orc warrior
             ... wielding a +0 battleaxe
              (7 damage)
             ... on level 8 of the Dungeon.
             The game lasted 00:08:19 (6346 turns).

Gargoyl the Protected (Gargoyle Berserker)          Turns: 6346, Time: 00:08:20

Health: -6/60      AC: 19    Str: 17 (20) XL:     10   Next: 26%
Magic:  10/10      EV:  8    Int:  6 (9)  God:    Trog [**....]
Gold:   381        SH:  8    Dex: 10 (13) Spells: 9/9 levels left

rFire   . . .        a - +2 hand axe
rCold   . . .        l - +0 kite shield
rNeg    + . .        f - +0 chain mail
rPois   ∞            r - +0 helmet
rElec   +            (no cloak)
rCorr   .            (no gloves)
SInv    +            (no boots)
Will    .....        (no amulet) Stlth
                     p - ring of see invisible
HPRegen 0.30/turn    (no ring)
MPRegen 0.12/turn

%: no passive effects
@: on berserk cooldown, slowed, very slow
A: sickness immunity, AC +7, negative energy resistance 1, electricity
resistance, torment resistance 1, petrification resistance
a: Renounce Religion, Berserk, Trog's Hand


You were on level 8 of the Dungeon.
You worshipped Trog.
Trog was pleased with you.
You visited 1 branch of the dungeon, and saw 8 of its levels.

You collected 381 gold pieces.

Inventory:

Hand Weapons
 a - a +2 hand axe (weapon)
Missiles
 e - 22 poisoned darts (quivered)
Armour
 f - a +0 chain mail (worn)
 l - a +0 kite shield (worn)
 r - a +0 helmet (worn)
Jewellery
 p - a ring of see invisible (left hand)
Wands
 n - a wand of polymorph (17)
 t - a wand of iceblast (3)
 u - a wand of digging (7)
 v - a wand of flame (15)
Scrolls
 b - 3 scrolls of blinking
 i - 2 scrolls of identify
 k - 4 scrolls of teleportation
 w - a scroll of revelation
Potions
 c - a potion of might
 d - 2 potions of lignification
 g - 2 potions of berserk rage
 h - 2 potions of invisibility
 j - 2 potions of haste
 m - a potion of curing
 o - 2 potions of attraction
 s - a potion of heal wounds {unknown}


   Skills:
 + Level 6.0 Fighting
 + Level 7.9 Axes
 + Level 0.3 Throwing
 * Level 9.0 Armour
 * Level 5.1 Dodging
 + Level 1.8 Stealth
 + Level 5.1 Shields


You had 9 spell levels left.
You didn't know any spells.
Your spell library was empty.

Dungeon Overview and Level Annotations

Branches:
Dungeon (8/15)             Temple (0/1) D:4
   Lair: D:8-11

Altars:
Elyvilon
Fedhas
Hepliaklqana
Ru
Trog
Uskayaw
Vehumet
Wu Jian

Shops:
D:3 **

Annotations:
D:7 2 transporters


Innate Abilities, Weirdness & Mutations

You are immune to sickness and miasma.
Your stone body is resilient. (AC +7)
You are immune to poison.
You resist negative energy. (rN+)
You are resistant to electric shocks. (rElec)
You are resistant to unholy torment.
You are immune to petrification.


Message History

You block the orc warrior's attack. The yak gores you but does no damage.
The yak gores you. You block the yak's attack.
Your Armour skill increases to level 9!
You hit the orc warrior.
The orc warrior is severely wounded.
You hit the yak. You slash the yak! You hit the yak.
You completely miss the yak.
You are no longer berserk.
You are exhausted.
You feel yourself slow down.
You closely miss the orc warrior.
The orc warrior is severely wounded.
You hit the yak. You barely miss the yak. x2
You hit the yak but do no damage.
The orc warrior hits you with a +0 battleaxe.
The yak gores you.
You block the yak's attack. x2; The yak barely misses you.
The yak gores you. The yak gores you but does no damage.
The yak closely misses you.
The orc warrior hits you with a +0 battleaxe!
The yak closely misses you. The yak gores you but does no damage.
You hit the orc warrior.
The orc warrior is severely wounded.
You barely miss the yak. You hit the yak. x4
The orc warrior closely misses you. The yak gores you but does no damage.
The yak closely misses you. The yak gores you!
* * * LOW HITPOINT WARNING * * *
The yak gores you but does no damage. You block the yak's attack.
It was a potion of degeneration.
There was something very wrong with that liquid.
You feel weakened.
You feel dopey.
You feel clumsy.
Your skin stops crawling.
You feel less strong-willed.
The orc warrior hits you but does no damage.
You block the yak's attack. The yak gores you.
* * * LOW HITPOINT WARNING * * *
You block the yak's attack. x2; The yak gores you but does no damage. x2
The yak gores you!
* * * LOW HITPOINT WARNING * * *
You block the yak's attack.
The orc warrior hits you with a +0 battleaxe!
You die...

### ### #.. ..#######
#.# #........ ###### #.#
#........
##...####.######oY......
...............Y@Y......
#....####.######YY......
........................
#..######.######........
...#....................
...#.####.######........
....... #.# #........
...#. #.# #........ )..#
#+#.###


You could see 5 yaks and an orc warrior.

Vanquished Creatures
  A two-headed ogre (D:5)
  A boulder beetle (D:6)
  The ghost of EuServersOMG the Geomancer, a novice OpEE of Hepliaklqana (D:6)
  Sigmund (D:3)
  A yak (D:8)
  A sky beast (D:6)
  A water moccasin (D:7)
  An ice beast (D:5)
  A black bear (D:7)
  An orc warrior (D:7)
  2 ogres
  2 centaurs
  A kobold brigand (D:7)
  4 bullfrogs
  A scorpion (D:5)
  5 wights (D:7)
  4 howler monkeys (D:7)
  2 jellies (D:7)
  An orc priest (D:8)
  3 hounds
  Jessica (D:2)
  5 iguanas
  5 orc wizards
  5 gnolls (D:3)
  7 adders
  3 white imps
  A worm (D:5)
  12 dart slugs
  14 orcs
  4 bats
  5 endoplasms
  3 giant cockroaches
  4 hobgoblins
  4 jackals (D:1)
  9 kobolds
  4 quokkas
  6 ball pythons
  A frilled lizard (D:1)
  8 goblins
  2 rats
138 creatures vanquished.

Vanquished Creatures (collateral kills)
  An adder (D:2)
1 creature vanquished.

Grand Total: 139 creatures vanquished

Notes
Turn   | Place    | Note
-------+----------+-------------------------------------------
     0 | D:1      | Gargoyl the Gargoyle Berserker began the quest for the Orb.
     0 | D:1      | Reached XP level 1. HP: 14/14 MP: 1/1
   166 | D:1      | Reached XP level 2. HP: 19/19 MP: 2/2
   769 | D:2      | Reached XP level 3. HP: 24/24 MP: 3/3
   935 | D:2      | Found a faded altar of an unknown god.
   994 | D:2      | Noticed Jessica
  1000 | D:2      | Killed Jessica
  1048 | D:2      | Reached ** piety under Trog
  1049 | D:2      | Reached XP level 4. HP: 27/29 MP: 4/4
  1555 | D:3      | Found Quagenufos's General Store.
  1653 | D:3      | Reached skill level 3 in Armour
  1696 | D:3      | Found a white marble altar of Elyvilon.
  1701 | D:3      | Reached XP level 5. HP: 30/33 MP: 5/5
  1788 | D:3      | Noticed Sigmund
  1804 | D:3      | Killed Sigmund
  1805 | D:3      | Reached skill level 4 in Armour
  1805 | D:3      | Reached XP level 6. HP: 38/38 MP: 6/6
  2063 | D:3      | Reached skill level 5 in Armour
  2160 | D:3      | Found Wimextaf's Assorted Antiques.
  2582 | D:4      | Found an ornate altar of the Wu Jian Council.
  2620 | D:4      | Found a hide-covered altar of Uskayaw.
  2755 | D:4      | Reached XP level 7. HP: 22/44 MP: 7/7
  2994 | D:4      | Found a staircase to the Ecumenical Temple.
  3353 | D:4      | Found a blossoming altar of Fedhas.
  3353 | D:4      | Identified the +10 whip "Yxzept" {heavy, rElec Str-3 Int+2
                  | Dex+8}
  3439 | D:5      | Identified the of Zaavor
  3439 | D:5      | Entered Level 5 of the Dungeon
  3504 | D:5      | Noticed a two-headed ogre
  3925 | D:5      | Reached skill level 6 in Armour
  3925 | D:5      | Reached skill level 1 in Shields
  3980 | D:5      | Killed a two-headed ogre
  3981 | D:5      | Reached skill level 5 in Axes
  3981 | D:5      | Reached XP level 8. HP: 43/48 MP: 8/8
  4396 | D:5      | Reached skill level 7 in Armour
  4692 | D:6      | Found a runed translucent door.
  4695 | D:6      | Noticed EuServersOMG's ghost (novice OpEE)
  4724 | D:6      | Reached skill level 5 in Fighting
  4802 | D:6      | Reached XP level 9. HP: 44/54 MP: 9/9
  4845 | D:6      | Found a radiant altar of Vehumet.
  4888 | D:6      | Found a sacrificial altar of Ru.
  5004 | D:6      | Found a bloodstained altar of Trog.
  5026 | D:6      | Noticed a boulder beetle
  5054 | D:6      | Killed a boulder beetle
  5055 | D:6      | Reached skill level 1 in Stealth
  5300 | D:6      | Killed EuServersOMG's ghost
  5301 | D:6      | Reached skill level 8 in Armour
  5412 | D:7      | Found a transporter.
  5417 | D:7      | Noticed a centaur warrior
  5419 | D:7      | Found a transporter.
  5426 | D:7      | Found a hazy altar of Hepliaklqana.
  5894 | D:7      | Reached XP level 10. HP: 60/60 MP: 10/10
  5920 | D:7      | Reached skill level 5 in Dodging
  6336 | D:8      | Reached skill level 5 in Shields
  6343 | D:8      | Reached skill level 9 in Armour
  6346 | D:8      | HP: 1/60 [yak (9)]
  6346 | D:8      | Mangled by an orc warrior

Illustrated notes

Levels and vault maps discovered:
D:1:      dpeg_arrival_tiny_b, layout_loops_ring
D:2:      layout_basic, chequers_ecumenical_altar_island,
          minmay_misc_feat_hallway, hangedman_decor_clover_reticule,
          lemuel_flame_loot_1, uniq_jessica
D:3:      layout_basic, elyvilon_altar_5, serial_shops, shop,
          nicolae_shop_just_a_little_nook, cheibrodos_gnoll_hut, uniq_sigmund
D:4:      layout_loops_cross, fedhas_altar_decomposition,
          nicolae_overflow_crystal_walls, lemuel_crystal_altar, temple_doors_e
D:5:      kennysheep_slugbush, layout_basic, saegor_snake_ambush
D:6:      layout_rooms, nicolae_ru_great_annihilating_truth,
          trog_three_pillars_becter, vehumet_crystals,
          ebering_ghost_reflecting_pool, serial_rivers,
          chequers_serial_rivers_small_a, chequers_serial_rivers_small_b,
          chequers_serial_rivers_micro_d, chequers_serial_rivers_micro_d
D:7:      layout_basic, gammafunk_temple_overflow_arena
D:8:      layout_basic, mainiacjoe_overflow_catwalk, interstate_on_off,
          kennysheep_another_room

Skill      XL: |  1  2  3  4  5  6  7  8  9 10 |
---------------+-------------------------------+-----
Axes           | 3 4 5 6 7 |  7.9
Dodging        | 2 3 4 5 |  5.1
Fighting       | 4 5 6 |  6.0
Armour         | 3 4 5 6 7 8 9 |  9.0
Shields        | 2 4 5 |  5.1
Stealth        | 1 |  1.8
Throwing       | |  0.3

Action                     |  1- 3 |  4- 6 |  7- 9 | 10-12 || total
---------------------------+-------+-------+-------+-------++-------
  Melee: Hand axe          |    72 |    95 |   324 |    92 ||   583
  Throw: Dart              |       |       |     4 |       ||     4
 Invoke: Berserk           |     1 |     4 |     9 |     1 ||    15
         Trog's Hand       |       |     2 |     6 |     3 ||    11
    Use: Scroll            |     6 |     4 |     5 |       ||    15
         Potion            |       |       |       |     6 ||     6
   Stab: Invisible         |       |       |     3 |     1 ||     4
 Armour: Animal skin       |    16 |       |       |       ||    16
         Chain mail        |    48 |    86 |   233 |    87 ||   454
  Dodge: Dodged            |    37 |    37 |    90 |    48 ||   212
  Block: Kite shield       |       |    18 |   120 |    72 ||   210

Table legend: (Time is in decaauts)
 A = Elapsed time spent in this place.
 B = Non-inter-level travel time spent in this place.
 C = Inter-level travel time spent in this place.
 D = Time resting spent in this place.
 E = Time spent auto-exploring this place.
 F = Levels seen in this place.
 G = Mean time per level.
                   A        B        C        D        E       F      G
               +--------+--------+--------+--------+--------+-----+--------+
         Total |   6557 |   6349 |    208 |    302 |   4478 |   8 |  819.6 |
       Dungeon |   6557 |   6349 |    208 |    302 |   4478 |   8 |  819.6 |
               +--------+--------+--------+--------+--------+-----+--------+

Top non-repeatable levels by time:
     D:5: 1233 daAuts
     D:3: 1205 daAuts
     D:7: 932 daAuts
     D:4: 878 daAuts
     D:6: 789 daAuts
     D:2: 732 daAuts
     D:1: 699 daAuts
     D:8: 86 daAuts
